 Dungeon Crawl Stone Soup version 0.12.3 (webtiles) character file.

699 Chiseanne the Miscreant (level 7, 0/34 HPs)
             Began as a Spriggan Assassin on June 2, 2020.
             Succumbed to an adder's poison
             ... on Level 4 of the Dungeon.
             The game lasted 00:13:48 (3278 turns).

Chiseanne the Miscreant (Spriggan Assassin)         Turns: 3278, Time: 00:13:48

HP   0/34        AC  3     Str  7      XL: 7   Next:  0%
MP  13/13        EV 19     Int 12      God:
Gold 182         SH 13     Dex 20      Spells:  0 memorised,  6 levels left

Res.Fire  : . . .   See Invis. : +   a - +1 short sword (venom) (curse)
Res.Cold  : . . .   Warding    : .   c - +0 robe
Life Prot.: . . .   Conserve   : .   q - +0 buckler
Res.Poison: .       Res.Corr.  : .   (helmet restricted)
Res.Elec. : .       Clarity    : .   d - +0 cloak
Sust.Abil.: . .     Spirit.Shd : .   (gloves unavailable)
Res.Mut.  : .       Stasis     : .   (boots unavailable)
Res.Rott. : .       Ctrl.Telep.: .   (no amulet)
Saprovore : . . .   Flight     : .   (no ring)
                                     (no ring)

@: mildly poisoned, very quick, somewhat resistant to hostile enchantments, very
stealthy
A: unfitting armour, see invisible, herbivore 3, speed 3, slow metabolism 2
a: no special abilities


You were on level 4 of the Dungeon.
You were not hungry.

You visited 1 branch of the dungeon, and saw 5 of its levels.

You collected 174 gold pieces.
You spent 42 gold pieces at shops.

Inventory:

Hand weapons
 a - a cursed +1,+1 short sword of venom (weapon)
 b - a +0 blowgun
 z - the cursed -5,+0 spear "Ytupov" {elec, rElec rC+ rN+}
   (You found it on level 5 of the Dungeon)

   Occasionally, upon striking a foe, it will discharge some electrical energy
   and cause terrible harm.
   It protects you from cold.
   It insulates you from electricity.
   It protects you from negative energy.
   It has a curse placed upon it.
Missiles
 e - 8 poisoned needles
 f - 2 curare-tipped needles
 h - 23 darts (quivered)
 r - 12 arrows of frost
 s - 20 bolts of flame
 w - 15 arrows
 x - 75 stones
 D - 5 needles of sleeping
 G - 20 bolts of frost
Armour
 c - a +0 robe (worn)
 d - a +0 cloak (worn)
 q - a +0 buckler (worn)
Magical devices
 v - a wand of random effects (20) {unknown}
Comestibles
 j - an apple
 l - a pear
 o - a choko
 B - a bread ration
 E - a banana
Scrolls
 k - 2 scrolls of remove curse
 p - 2 scrolls of fog
 y - 2 scrolls of teleportation
 C - a scroll of enchant armour {unknown}
Jewellery
 A - an uncursed ring of see invisible {unknown}
Potions
 g - a potion of porridge
 i - a potion of slowing {unknown}
 m - 2 potions of heal wounds {unknown}
 n - a potion of curing {unknown}
 t - a potion of brilliance {unknown}
 u - a potion of magic {unknown}
 F - a potion of restore abilities {unknown}
 H - 2 potions of agility {unknown}


   Skills:
 - Level 1.6 Fighting
 + Level 3.1 Short Blades
 - Level 2.1 Throwing
 - Level 3.8 Dodging
 * Level 6.8 Stealth
 * Level 7.3 Stabbing
 * Level 1.1 Shields
 * Level 2.9 Traps


You had 6 spell levels left.
You didn't know any spells.

Dungeon Overview and Level Annotations

Branches:
Dungeon (5/27)
 Temple: D:4-7

Altars:
Sif Muna
Xom

Shops:
D:4: *[[[=

Annotations
D:3 MordorOrchid's ghost, weakling DsBe


Innate Abilities, Weirdness & Mutations

You are tiny and cannot use many weapons and most armour.
You have supernaturally acute eyesight.
You are a herbivore.
You cover ground extremely quickly.
You need consume almost no food.


Message History

You feel sick.
The orc wizard gestures at you while chanting.
The puff of flame hits you!
One of your 3 scrolls of teleportation catches fire!
You feel sick. The orc wizard casts a spell at you. The puff of flame hits you!
* * * LOW HITPOINT WARNING * * *
* * * LOW HITPOINT WARNING * * *
You feel sick.
There is a stone staircase leading up here.
You climb upwards.
There is a stone staircase leading down here.
* * * LOW HITPOINT WARNING * * *
You feel sick.
* * * LOW HITPOINT WARNING * * *
You feel sick.
Drink which item? (? for menu, Esc to quit)
Okay, then.
You die...

###.# #....##.#..######.#
....#####...%##.#..# #.#
#...........∩##.#..######%#
........###..............>#
....###. ##.##..#...#.###w#
..#.....##..........#.# #.#
#.#.................#.###w#
#.#......#......#...#.....####
................@............#
#.#........................#.#
#.#.........##..#...#......#.###
............##..#..............#
#.#.###.....##..#.#.#......#.#.#
............
#...............#.##
###.........
##..............#...
............ ........#.#..######
###.###...# #...#.###.#..######


There were no monsters in sight!

Vanquished Creatures
  Purgy (D:4)
  A sky beast (D:5)
  Sigmund (D:4)
  A giant frog zombie (D:5)
  2 scorpions (D:4)
  7 adders
  A giant mite (D:5)
  2 worms (D:2)
  A bat skeleton (D:5)
  3 orcs (D:5)
  2 ball pythons
  5 giant cockroaches
  10 goblins
  7 hobgoblins
  2 jackals
  4 bats
  2 giant geckos
  3 giant newts
  10 kobolds
  A quokka skeleton (D:4)
  3 rats (D:2)
69 creatures vanquished.

Notes
Turn   | Place    | Note
--------------------------------------------------------------
     0 | D:1      | Chiseanne, the Spriggan Assassin, began the quest for the Orb.
     0 | D:1      | Reached XP level 1. HP: 10/10 MP: 1/1
   119 | D:1      | Reached XP level 2. HP: 14/14 MP: 3/3
   357 | D:1      | Reached skill level 5 in Stealth
   538 | D:1      | Reached skill level 1 in Traps
   653 | D:2      | Reached XP level 3. HP: 12/18 MP: 5/5
  1260 | D:2      | Reached XP level 4. HP: 22/22 MP: 7/7
  1377 | D:3      | Noticed MordorOrchid's ghost (weakling DsBe)
  1546 | D:4      | Found a deep blue altar of Sif Muna.
  1564 | D:4      | Noticed Sigmund
  1612 | D:4      | Killed Sigmund
  1612 | D:4      | Reached skill level 6 in Stealth
  1612 | D:4      | Reached skill level 5 in Stabbing
  1612 | D:4      | Reached XP level 5. HP: 8/26 MP: 9/9
  1852 | D:4      | Found Wegu Tha's Armour Emporium.
  1859 | D:4      | Bought a +0 buckler for 42 gold pieces
  2049 | D:4      | Found Ofafusut's Assorted Antiques.
  2216 | D:4      | Noticed a phantom
  2258 | D:5      | Entered Level 5 of the Dungeon
  2258 | D:5      | Noticed a sky beast
  2261 | D:5      | Killed a sky beast
  2261 | D:5      | Reached XP level 6. HP: 30/30 MP: 11/11
  2363 | D:5      | Got an encrusted spear
  2390 | D:4      | Identified the cursed -5,+0 spear "Ytupov" {elec, rElec rC+ rN+} (You found it on level 5 of the Dungeon)
  2464 | D:4      | Found Sheyxka's Antique Armour Emporium.
  2552 | D:4      | Found Klaudd's Jewellery Shoppe.
  2591 | D:4      | Noticed Purgy
  2593 | D:4      | Found Nynweaxt's Antique Armour Boutique.
  2612 | D:4      | Killed Purgy
  3144 | D:5      | Reached skill level 7 in Stabbing
  3144 | D:5      | Reached skill level 1 in Shields
  3226 | D:5      | Found a shimmering altar of Xom.
  3255 | D:5      | Reached XP level 7. HP: 22/34 MP: 13/13
  3272 | D:4      | HP: 1/34 [poisoned by an adder]
  3278 | D:4      | Succumbed to an adder's poison

Action                   |  1- 3 |  4- 6 |  7- 9 || total
-------------------------+-------+-------+-------++-------
Melee: Dagger            |    58 |       |       ||    58
       Short sword       |    31 |   115 |       ||   146
 Fire: Blowgun           |       |     4 |       ||     4
Throw: Dart              |       |     6 |       ||     6
  Use: Scroll            |     3 |     7 |       ||    10
 Stab: Sleeping          |    11 |     6 |       ||    17
       Distracted        |     1 |     1 |       ||     2
